 Dungeon Crawl Stone Soup version 0.23.2-30-g0e89c35649 (webtiles) character file.

Game seed: 14052372961715367377

2958 Solarlg the Spear-Bearer (level 9, -4/84 HPs)
             Began as a Minotaur Monk on June 10, 2019.
             Was an Elder of Makhleb.
             Slain by a hog (6 damage)
             ... on level 7 of the Dungeon.
             The game lasted 00:30:55 (7443 turns).

Solarlg the Spear-Bearer (Minotaur Monk)            Turns: 7443, Time: 00:30:55

Health: -4/84      AC: 13    Str: 19    XL:     9   Next: 52%
Magic:  8/8        EV:  6    Int:  7    God:    Makhleb [****..]
Gold:   414        SH:  0    Dex: 13    Spells: 8/8 levels left

rFire    + . .     SeeInvis .   A - +3 trident (curse)
rCold    . . .     Gourm    .   (no shield)
rNeg     . . .     Faith    .   H - +2 plate armour {rF+}
rPois    .         Spirit   .   (helmet restricted)
rElec    .         Reflect  .   B - scarf {repulsion}
rCorr    .         Harm     .   C - +0 pair of gloves
MR       .....                  (no boots)
Stlth    ..........             (no amulet)
HPRegen  0.24/turn              (no ring)
MPRegen  0.11/turn              (no ring)

@: repel missiles
A: retaliatory headbutt, horns 2
a: Minor Destruction, Lesser Servant of Makhleb, Major Destruction, Renounce
Religion


You were on level 7 of the Dungeon.
You worshipped Makhleb.
Makhleb was greatly pleased with you.
You were hungry.

You visited 1 branch of the dungeon, and saw 7 of its levels.
You also visited: Ossuary and Bailey.

You collected 414 gold pieces.

Inventory:

Hand Weapons
 t - a +0 trident
 y - a +0 broad axe
 A - a cursed +3 trident (weapon)
Armour
 k - a scarf of resistance
 B - a scarf of repulsion (worn)
 C - a +0 pair of gloves (worn)
 H - a +2 plate armour of fire resistance (worn)
 I - a +0 scale mail
Magical Staves
 b - an uncursed staff of earth {unknown}
Wands
 o - a wand of polymorph (18)
Scrolls
 a - 2 scrolls of fog {unknown}
 d - 8 scrolls of remove curse
 h - 4 scrolls of identify
 j - 2 scrolls of fear {unknown}
 n - 3 scrolls of blinking {unknown}
 q - a scroll of immolation {unknown}
 r - a scroll of amnesia {unknown}
 s - 3 scrolls of enchant weapon
 v - a scroll of enchant armour {unknown}
 E - 2 scrolls of teleportation {unknown}
 G - a scroll of silence {unknown}
 J - a scroll of magic mapping {unknown}
Potions
 e - a potion of flight {unknown}
 f - 2 potions of agility
 g - 2 potions of haste
 i - a potion of mutation {unknown}
 l - 2 potions of cancellation {unknown}
 m - 2 potions of lignification
 p - a potion of heal wounds {unknown}
 w - a potion of brilliance {unknown}
 x - a potion of invisibility {unknown}
 z - 3 potions of curing {unknown}
 D - a potion of magic {unknown}
 F - 2 potions of degeneration {unknown}
Comestibles
 c - 13 rations


   Skills:
 * Level 9.4 Fighting
 - Level 13.2 Polearms
 - Level 3.5 Dodging
 - Level 1.6 Stealth


You had 8 spell levels left.
You didn't know any spells.
Your spell library contained the following spells:

 Spells                   Type           Power        Failure   Level  Hunger
 Infusion                 Chrm           #...         100%        1    ##.....
 Shroud of Golubria       Chrm/Tloc      #.........   100%        2    ###....
 Song of Slaying          Chrm           #.......     100%        2    ###....
 Recall                   Summ/Tloc      N/A          100%        3    ####...
 Regeneration             Chrm/Necr      #.........   100%        3    ####...
 Spectral Weapon          Hex/Chrm       #.......     100%        3    ####...
 Animate Dead             Necr           N/A          100%        4    #####..
 Borgnjor's Vile Clutch   Necr/Erth      #.........   100%        5    ######.
 Death Channel            Necr           #.........   100%        6    #######
 Simulacrum               Ice/Necr       #.........   100%        6    #######


Dungeon Overview and Level Annotations

Branches:
Dungeon (7/15)             Temple (0/1) D:6

Altars:
Dithmenos
Gozag
Makhleb
Sif Muna
Wu Jian
Xom


Innate Abilities, Weirdness & Mutations

You reflexively headbutt those who attack you in melee.
You have a pair of horns on your head.


Message History

The hog bites you but does no damage. The hog bites you!
* * * LOW HITPOINT WARNING * * *
The hog bites you.
* * * LOW HITPOINT WARNING * * *
You hit the hog.
The hog is severely wounded.
You hit the hog.
The hog is lightly wounded.
The hog bites you but does no damage.
Your plate armour prevents you from hitting the hog.
The hog is lightly wounded.
The hog bites you but does no damage.
You closely miss the hog.
The hog is severely wounded.
The hog closely misses you. The hog bites you!
* * * LOW HITPOINT WARNING * * *
You closely miss the hog.
The hog is severely wounded.
The hog bites you.
You die...

###.....######...#.(..## #
###'#######..........## #
#%....#.##...รท........#
###%%.).'..#............#
..#######..#............# ###
......####.##...........#######..
.###.....#h..#...##...#......##..
..#......###.###############.....
..........##..hh@## ####..
...^....#.....h#h.###### #..
........#......##......# #..
........#..............# #..
....#############......# #..
....# #......# #.. ...## ########
### ..##


You could see 4 hogs.

Vanquished Creatures
  A hippogriff (D:7)
  A wraith (D:7)
  A human (D:7)
  2 ice beasts
  Duvessa (D:6)
  2 orc warriors (Bailey)
  A sky beast (D:5)
  A black bear (D:7)
  A centaur (D:7)
  A crocodile (Bailey)
  3 bullfrogs
  2 water moccasin zombies (Ossuary)
  Dowan (D:7)
  3 scorpions
  2 howler monkeys (D:4)
  5 wights
  A crimson imp (D:6)
  A jelly (D:5)
  2 orc priests (D:6)
  A bullfrog skeleton (D:7)
  3 hounds (D:6)
  3 orc wizards
  A centaur skeleton (D:2)
  Terence (D:3)
  4 iguanas
  5 worker ants
  2 big kobold zombies (Ossuary)
  A hound zombie (D:6)
  2 hound skeletons
  2 mummies (Ossuary)
  A howler monkey zombie (D:6)
  9 adders
  A shadow imp (D:6)
  2 oozes
  An adder skeleton (D:7)
  6 adder zombies
  5 worms
  A dart slug (D:4)
  3 leopard geckos
  9 orcs
  2 giant cockroaches
  2 gnoll zombies (Ossuary)
  9 goblins
  A hobgoblin (D:2)
  2 jackals (D:1)
  3 quokkas
  A ball python (D:4)
  5 bats
  5 frilled lizards
  2 hobgoblin zombies (Ossuary)
  A jackal zombie (D:5)
  6 kobolds
  7 kobold zombies (Ossuary)
  A leopard gecko skeleton (D:5)
  A leopard gecko zombie (D:6)
  9 orc zombies (Ossuary)
  A quokka skeleton (D:5)
  5 rats
158 creatures vanquished.

Vanquished Creatures (collateral kills)
  2 goblins (Bailey)
2 creatures vanquished.

Grand Total: 160 creatures vanquished

Notes
Turn   | Place    | Note
-------+----------+-------------------------------------------
     0 | D:1      | Solarlg the Minotaur Monk began the quest for the Orb.
     0 | D:1      | Reached XP level 1. HP: 19/19 MP: 0/0
    47 | D:1      | You fall through a shaft!
   231 | D:1      | Reached XP level 2. HP: 27/27 MP: 1/1
   329 | D:1      | Reached skill level 4 in Polearms
   418 | D:1      | Found a glowing golden altar of the Shining One.
   420 | D:1      | Found a sparkling altar of Nemelex Xobeh.
   420 | D:1      | Found a basalt altar of Yredelemnul.
   422 | D:1      | Found a shimmering altar of Xom.
   422 | D:1      | Found a snail-covered altar of Cheibriados.
   422 | D:1      | Found a glowing silver altar of Zin.
  1125 | D:2      | Reached XP level 3. HP: 33/33 MP: 2/2
  1276 | D:2      | Reached skill level 5 in Polearms
  1537 | D:2      | Reached XP level 4. HP: 40/40 MP: 3/3
  1740 | D:2      | Found a burning altar of Makhleb.
  1740 | D:2      | Noticed a balrug
  1855 | D:2      | Noticed a hellwing
  1855 | D:2      | Noticed a ynoxinul
  1857 | D:2      | Became a worshipper of Makhleb the Destroyer
  1857 | D:2      | Reached * piety under Makhleb
  1857 | D:2      | Reached ** piety under Makhleb
  1928 | D:3      | Reached skill level 6 in Polearms
  2476 | D:3      | Found a deep blue altar of Sif Muna.
  2731 | D:3      | Noticed Terence
  2735 | D:3      | Killed Terence
  2735 | D:3      | Reached XP level 5. HP: 46/46 MP: 4/4
  2923 | D:4      | Reached skill level 7 in Polearms
  3263 | D:4      | Reached skill level 8 in Polearms
  3263 | D:4      | Reached XP level 6. HP: 49/52 MP: 5/5
  3346 | D:4      | Found an ornate altar of the Wu Jian Council.
  3490 | D:4      | Reached skill level 9 in Polearms
  3683 | D:5      | Entered Level 5 of the Dungeon
  3775 | D:5      | Reached *** piety under Makhleb
  3787 | D:5      | Reached XP level 7. HP: 58/58 MP: 6/6
  4008 | D:5      | Found a sand-covered staircase.
  4049 | D:5      | Reached skill level 10 in Polearms
  4089 | Ossuary  | Entered an ossuary
  4770 | D:5      | Reached skill level 11 in Polearms
  5242 | D:6      | Reached XP level 8. HP: 52/66 MP: 7/7
  5434 | D:6      | Reached **** piety under Makhleb
  5541 | D:6      | Found a staircase to the Ecumenical Temple.
  5795 | D:6      | Found an opulent altar of Gozag.
  5795 | D:6      | Found a shadowy altar of Dithmenos.
  5796 | D:6      | Found a shimmering altar of Xom.
  5808 | D:6      | Reached skill level 12 in Polearms
  6045 | D:7      | Found a flagged portal.
  6089 | Bailey   | Entered a bailey
  6531 | Bailey   | Reached skill level 13 in Polearms
  6532 | Bailey   | Found an iron altar of Okawaru.
  6768 | D:7      | Noticed Dowan
  6769 | D:7      | Noticed Duvessa
  6777 | D:7      | Killed Dowan
  6815 | D:6      | Reached skill level 5 in Fighting
  6819 | D:6      | Killed Duvessa
  6888 | D:7      | Reached XP level 9. HP: 75/75 MP: 8/8
  7442 | D:7      | HP: 2/84 [hog (8)]
  7443 | D:7      | Slain by a hog

Skill      XL: |  1  2  3  4  5  6  7  8  9 |
---------------+----------------------------+-----
Polearms       | 4 5 6 8 9 11 13 | 13.2
Fighting       | 5 9 |  9.4
Dodging        | |  3.5
Stealth        | |  1.6

Action                   |  1- 3 |  4- 6 |  7- 9 || total
-------------------------+-------+-------+-------++-------
Melee: Spear             |    63 |   164 |   165 ||   392
       Headbutt          |    13 |    24 |    82 ||   119
       Unarmed           |       |     9 |       ||     9
       Trident           |       |       |   232 ||   232
Invok: Minor Destruction |       |     1 |       ||     1
       Lesser Servant of |       |       |     1 ||     1
Evoke: Wand              |       |       |     1 ||     1
  Use: Scroll            |       |     2 |     1 ||     3
       Potion            |       |       |     4 ||     4
 Stab: Sleeping          |     8 |     1 |       ||     9
  Eat: Chunk             |     2 |     6 |     5 ||    13
       Ration            |       |       |     2 ||     2
Armor: Robe              |     1 |     1 |       ||     2
       Skin              |       |     1 |       ||     1
       Chain mail        |       |    19 |    34 ||    53
       Ring mail         |       |       |    32 ||    32
       Plate armour      |       |       |    74 ||    74
Dodge: Dodged            |    23 |    36 |   131 ||   190
       Deflected         |       |       |    14 ||    14
